 Dungeon Crawl Stone Soup version 0.28-a0-60-g54b5640690 (webtiles) character file.

Game seed: 14062852498309306488

284 arson the Slasher (level 6, -3/52 HPs)
             Began as a Vine Stalker Berserker on July 30, 2021.
             Was an Elder of Trog.
             Shot with a stone by a goblin (5 damage)
             ... on level 4 of the Dungeon.
             The game lasted 00:06:13 (3693 turns).

arson the Slasher (Vine Stalker Berserker)          Turns: 3693, Time: 00:06:14

Health: -3/52      AC: -1    Str: 20    XL:     6   Next: 29%
Magic:  0/7        EV: 10    Int:  7    God:    Trog [****..]
Gold:   164        SH:  0    Dex: 15    Spells: 5/5 levels left

rFire   . . .      SeeInvis .   a - +0 falchion
rCold   . . .      Faith    .   (no shield)
rNeg    . . .      Spirit   +   n - +0 scale mail
rPois   .          Reflect  .   (no helmet)
rElec   .          Harm     .   l - +0 cloak
rCorr   .          Rampage  .   (no gloves)
Will    .....                   j - +2 pair of boots
Stlth   ..........              (no amulet)
HPRegen 1.17/turn               (no ring)
MPRegen 0.10/turn               (no ring)

@: berserking (expiring), corroded, very quick
A: fangs 2, regeneration 1, magic shield, antimagic bite, no potion heal 2
a: Renounce Religion, Berserk, Trog's Hand, Brothers in Arms


You were on level 4 of the Dungeon.
You worshipped Trog.
Trog was greatly pleased with you.
You visited 1 branch of the dungeon, and saw 4 of its levels.
You also visited: Ossuary.

You collected 164 gold pieces.

Inventory:

Hand Weapons
 a - a +0 falchion (weapon)
Armour
 b - a +0 animal skin
 j - a +2 pair of boots (worn)
 l - a +0 cloak (worn)
 m - a +2 robe of resistance
 n - a +0 scale mail (worn)
Jewellery
 e - a ring of ice
 i - a ring of protection from cold
Scrolls
 c - a scroll of enchant armour {unknown}
 h - a scroll of summoning {unknown}
 p - a scroll of fear {unknown}
 q - 3 scrolls of teleportation {unknown}
 s - a scroll of enchant weapon {unknown}
 u - a scroll of amnesia {unknown}
 x - a scroll of fog {unknown}
 y - a scroll of silence {unknown}
Potions
 d - a potion of attraction {unknown}
 f - 2 potions of resistance {unknown}
 g - 2 potions of brilliance {unknown}
 k - 2 potions of heal wounds {unknown}
 o - a potion of haste {unknown}
 r - a potion of flight {unknown}
 t - a potion of might {unknown}
 v - a potion of curing {unknown}
 w - 2 potions of ambrosia {unknown}


   Skills:
 + Level 4.8 Fighting
 + Level 4.8 Long Blades
 - Level 1.5 Armour
 - Level 1.5 Dodging


You had 5 spell levels left.
You didn't know any spells.
Your spell library was empty.

Dungeon Overview and Level Annotations

Branches:
Dungeon (4/15)             Temple (0/1) D:4         Ossuary (visited)

Altars:
Trog


Innate Abilities, Weirdness & Mutations

You have extremely sharp teeth.
Your natural rate of healing is unusually fast.
When hurt, damage is shared between your health and your magic reserves.
Your bite disrupts and absorbs the magic of your enemies.
Potions cannot restore your health.


Message History

The quokka barely misses you.
A ball python comes into view.
The jelly jiggles.
The quokka closely misses you.
A red film seems to cover your vision as you go berserk!
You feel yourself moving faster!
You feel mighty! The quokka bites you. The jelly hits you.
The acid corrodes you!
You are splashed with acid.
* * * LOW HITPOINT WARNING * * *
You slash the jelly!
You kill the jelly!
Trog accepts your kill. The quokka bites you.
* * * LOW HITPOINT WARNING * * *
You feel a strong urge to attack something.
The quokka bites you.
* * * LOW HITPOINT WARNING * * *
You closely miss the quokka. Your bite misses the quokka.
The quokka is moderately wounded.
The quokka bites you.
* * * LOW HITPOINT WARNING * * *
The ball python bites you.
* * * LOW HITPOINT WARNING * * *
The ball python barely misses you.
The goblin shoots a stone.
The stone closely misses you.
You slash the quokka!
You kill the quokka!
Trog accepts your kill. The ball python bites you.
* * * LOW HITPOINT WARNING * * *
The ball python barely misses you.
You closely miss the ball python. You bite the ball python.
You kill the ball python!
Trog accepts your kill.
The goblin shoots a stone.
The stone hits you.
* * * LOW HITPOINT WARNING * * *
You are too berserk!
You see here a ball python corpse.
You feel a strong urge to attack something.
The goblin shoots a stone.
The stone hits you.
You die...

# .# #[ . ##+## .#
##. ##...## ..##.#
##.....## #....##
##.......## #.#...#
##.........#
#..8#.###8.........+
#@#....#.........#
#†.g...#........#
#........#.....##
##.....####...##
###..#.# ##'##
###.8# #.# ### #.#
##.## ##...###.


You could see a goblin.

Vanquished Creatures
  A jelly (D:4)
  Crazy Yiuf (D:2)
  Jessica (D:3)
  A hound skeleton (D:2)
  A mummy (Ossuary)
  6 adders
  3 orcs (D:3)
  2 spectral bats (Ossuary)
  6 endoplasms
  3 giant cockroaches
  12 gnoll zombies (Ossuary)
  10 goblins
  2 hobgoblins
  6 jackals
  6 quokkas
  7 ball pythons
  2 bats
  4 bat simulacra (Ossuary)
  3 frilled lizards
  3 goblin simulacra (Ossuary)
  3 goblin zombies (Ossuary)
  6 hobgoblin zombies (Ossuary)
  2 kobolds (D:3)
  4 kobold simulacra (Ossuary)
  5 kobold zombies (Ossuary)
  4 orc zombies (Ossuary)
  A quokka skeleton (D:4)
  8 rats
  7 spectral goblins (Ossuary)
  4 spectral kobolds (Ossuary)
  4 spectral rats (Ossuary)
128 creatures vanquished.

Vanquished Creatures (others)
  3 fungi (D:2)
3 creatures vanquished.

Grand Total: 131 creatures vanquished

Notes
Turn   | Place    | Note
-------+----------+-------------------------------------------
     0 | D:1      | arson the Vine Stalker Berserker began the quest for the
                  | Orb.
     0 | D:1      | Reached XP level 1. HP: 11/11 MP: 2/2
   206 | D:1      | Reached XP level 2. HP: 13/16 MP: 1/3
  1150 | D:2      | Found a bloodstained altar of Trog.
  1160 | D:2      | Reached XP level 3. HP: 17/20 MP: 4/4
  2104 | D:2      | Found a runed translucent door.
  2105 | D:2      | Noticed Crazy Yiuf
  2113 | D:2      | Killed Crazy Yiuf
  2114 | D:2      | Gained mutation: Your natural rate of healing is unusually
                  | fast. [Vine Stalker growth]
  2114 | D:2      | Reached XP level 4. HP: 21/25 MP: 3/5
  2220 | D:3      | Reached ** piety under Trog
  2502 | D:3      | Reached XP level 5. HP: 29/29 MP: 6/6
  2541 | D:3      | Noticed Jessica
  2562 | D:3      | Killed Jessica
  2960 | D:4      | Found a staircase to the Ecumenical Temple.
  3271 | D:4      | Found a sand-covered staircase.
  3280 | Ossuary  | Entered an ossuary
  3303 | Ossuary  | Reached *** piety under Trog
  3431 | Ossuary  | Reached XP level 6. HP: 32/34 MP: 5/7
  3434 | Ossuary  | Reached **** piety under Trog
  3691 | D:4      | HP: 1/52 [goblin/stone (4)]
  3693 | D:4      | Shot with a stone by a goblin

Illustrated notes

Levels and vault maps discovered:
D:1:      dpeg_arrival_arbitrary_a, layout_loops_ring, corner_web_ring,
          palyth_stone_intersect
D:2:      layout_basic, basic_altar, uniq_crazy_yiuf_cottage
D:3:      layout_basic, corexii_leaking_fountain, minmay_pentomino_pile,
          uniq_jessica
D:4:      layout_loops_corners, minmay_temple_entry_poolview,
          lightli_ossuary_entry_decrepit_ruins

Skill      XL: |  1  2  3  4 |
---------------+-------------+-----
Fighting       | 3 4 |  4.8
Long Blades    | 3 4 |  4.8
Armour         | |  1.5
Dodging        | |  1.5

Action                   |  1- 3 |  4- 6 || total
-------------------------+-------+-------++-------
Melee: Falchion          |    83 |   265 ||   348
       Bite              |    27 |   111 ||   138
Invok: Berserk           |     1 |     1 ||     2
 Stab: Sleeping          |     1 |       ||     1
Armor: Animal skin       |    20 |     9 ||    29
       Scale mail        |       |   102 ||   102
       Robe              |       |     6 ||     6
Dodge: Dodged            |    41 |   135 ||   176
       Rpst.: Falchion   |    13 |    31 ||    44

Table legend: (Time is in decaauts)
 A = Elapsed time spent in this place.
 B = Non-inter-level travel time spent in this place.
 C = Inter-level travel time spent in this place.
 D = Time resting spent in this place.
 E = Time spent auto-exploring this place.
 F = Levels seen in this place.
 G = Mean time per level.
                   A        B        C        D        E       F      G
               +--------+--------+--------+--------+--------+-----+--------+
         Total |   3733 |   3600 |    133 |    445 |   2315 |   5 |  746.6 |
       Dungeon |   3327 |   3194 |    133 |    445 |   2120 |   4 |  831.8 |
       Ossuary |    405 |    405 |      0 |      0 |    195 |   1 |  405.0 |
               +--------+--------+--------+--------+--------+-----+--------+

Top non-repeatable levels by time:
     D:2: 1335 daAuts
     D:1: 844 daAuts
     D:3: 796 daAuts
 Ossuary: 405 daAuts
     D:4: 351 daAuts
